AoeStats
← TheBunjiMunji

Arabia

510212858Analyzed
4v4 RM · 17h ago on Sep 30, 2026· 46m 21s· 8 players
Game mode
Random Map
Map size
Large (8 player)
Population
200
Speed
Normal
Resources
Standard
Victory
Conquest
Starting age
Dark Age
Ending age
Imperial Age
RankedLock teamsTeams togetherTeam positionsShared explorationLock speedFull tech treeHidden civsTurbo modeCheats
Victory
Defeat
🇨🇱 Saracens · Chile
923
+14
🇧🇷 Turks · Brazil
918
+15
🇵🇪 Khmer · Peru
885
+16
🇦🇷 Khmer · Argentina
820
+19
🇺🇸 Byzantines · United States
906
-17
🇺🇸 Chinese · United States
892
-16
🇬🇧 Georgians · United Kingdom
876
-16
🇬🇧 Cumans · United Kingdom
861
-15
Phil Mccrack
11:29 Feudal Age
12:12 Double-Bit Axe
13:12 Horse Collar
18:23 Castle Age
17:22 Stone Mining
19:04 Loom
30:49 Bow Saw
31:00 Heavy Plow
32:37 Wheelbarrow
32:59 Pikeman
33:40 Squires
33:25 Gambesons
34:02 Arson
34:28 Forging
34:18 Scale Mail Armor
35:30 Hand Cart
38:06 Iron Casting
37:46 Chain Mail Armor
38:34 Crossbowman
42:09 Imperial Age
40:15 Gold Mining
41:00 Stone Shaft Mining
40:15 Gold Mining
41:00 Stone Shaft Mining
40:35 Thumb Ring
40:23 Fletching
40:33 Padded Archer Armor
40:39 Scale Barding Armor
42:01 Gold Shaft Mining
40:59 Elite Skirmisher
41:36 Bodkin Arrow
43:01 Leather Archer Armor
43:42 Bracer
44:02 Chain Barding Armor
43:10 Halberdier
45:09 Chemistry
44:29 Ballistics
hello
0:38 Loom
11:58 Feudal Age
13:05 Double-Bit Axe
21:04 Castle Age
19:46 Padded Archer Armor
20:39 Fletching
21:56 Bodkin Arrow
22:29 Horse Collar
23:30 Stone Mining
24:34 Crossbowman
25:53 Gold Mining
26:32 Ballistics
27:42 Thumb Ring
30:51 Leather Archer Armor
32:03 Wheelbarrow
32:15 Squires
34:36 Stone Shaft Mining
35:17 Hand Cart
35:46 Gold Shaft Mining
35:23 Bow Saw
36:03 Masonry
35:43 Town Watch
37:16 Heavy Plow
41:54 Imperial Age
40:19 Murder Holes
43:02 Conscription
46:16 Chemistry
44:55 Elite Chu Ko Nu
45:57 Heavy Scorpion
TheBunjiMunji
3:54 Loom
12:29 Feudal Age
17:38 Castle Age
16:13 Horse Collar
16:20 Double-Bit Axe
19:20 Heavy Plow
19:33 Bow Saw
22:45 Fletching
25:52 Ballistics
29:15 Fortified Wall
30:49 Bodkin Arrow
32:21 Town Watch
35:07 Imperial Age
33:39 Svan Towers
34:20 Murder Holes
35:07 Wheelbarrow
34:26 Gold Mining
36:14 Caravan
36:37 Town Patrol
36:53 Hand Cart
39:43 Chemistry
38:34 Guard Tower
38:31 Arrowslits
39:21 Conscription
39:29 Stone Mining
42:23 Bracer
42:24 Padded Archer Armor
43:16 Keep
42:47 Siege Engineers
42:24 Treadmill Crane
sam.pidgeon
4:26 Loom
13:04 Feudal Age
17:43 Horse Collar
19:06 Scale Barding Armor
20:15 Bloodlines
22:12 Town Watch
22:18 Double-Bit Axe
23:55 Wheelbarrow
23:49 Forging
27:15 Castle Age
26:05 Man-at-Arms
26:46 Gold Mining
26:48 Stone Mining
27:31 Light Cavalry
30:00 Hand Cart
31:05 Padded Archer Armor
30:55 Fletching
32:12 Steppe Husbandry
31:36 Crossbowman
34:41 Murder Holes
35:52 Scale Mail Armor
36:04 Elite Skirmisher
37:59 Ballistics
39:10 Thumb Ring
41:24 Iron Casting
42:01 Leather Archer Armor
41:41 Bodkin Arrow
43:39 Gold Shaft Mining
Yo Pe
10:49 Feudal Age
9:07 Loom
17:31 Castle Age
17:34 Double-Bit Axe
18:59 Bow Saw
18:33 Horse Collar
20:25 Heavy Plow
22:28 Stone Mining
24:49 Town Watch
25:39 Wheelbarrow
28:24 Stone Shaft Mining
28:35 Town Patrol
28:54 Hand Cart
31:06 Light Cavalry
32:00 Bloodlines
31:50 Husbandry
31:47 Gold Mining
32:40 Caravan
33:36 Scale Barding Armor
33:22 Fletching
33:43 Forging
33:44 Masonry
33:25 Heated Shot
33:26 Guard Tower
33:32 Murder Holes
33:48 Fortified Wall
36:02 Ballistics
36:04 Chain Barding Armor
36:19 Iron Casting
35:40 Bodkin Arrow
40:29 Imperial Age
39:36 Scale Mail Armor
39:37 Padded Archer Armor
41:31 Double Crossbow
41:53 Siege Engineers
42:49 Chemistry
42:20 Architecture
42:26 Keep
42:30 Plate Barding Armor
41:56 Bracer
41:25 Heavy Scorpion
44:40 Blast Furnace
43:56 Chain Mail Armor
43:56 Leather Archer Armor
44:11 Conscription
43:23 Sappers
44:28 Hoardings
44:16 Hussar
Sickasdasd
0:29 Loom
11:40 Feudal Age
13:37 Double-Bit Axe
21:35 Castle Age
23:54 Wheelbarrow
23:33 Bow Saw
24:42 Stone Mining
28:18 Crossbowman
29:05 Thumb Ring
33:00 Hand Cart
34:27 Gold Mining
36:24 Caravan
39:27 Imperial Age
37:54 Scale Barding Armor
39:18 Bloodlines
39:09 Husbandry
40:50 Elite Mameluke
41:51 Conscription
41:47 Forging
41:59 Chain Barding Armor
41:05 Capped Ram
41:45 Arbalester
43:30 Chemistry
44:12 Siege Ram
Yes
10:36 Feudal Age
14:10 Double-Bit Axe
19:42 Castle Age
17:37 Horse Collar
19:32 Fletching
20:58 Bow Saw
20:41 Gold Mining
20:56 Bodkin Arrow
26:53 Thumb Ring
30:04 Wheelbarrow
30:27 Padded Archer Armor
31:33 Hand Cart
31:45 Ballistics
32:04 Hand Cart
31:49 Stone Mining
37:41 Sipahi
37:07 Treadmill Crane
40:42 Imperial Age
37:58 Town Watch
40:07 Gold Shaft Mining
40:30 Bloodlines
40:21 Husbandry
40:55 Capped Ram
40:59 Heavy Cavalry Archer
42:04 Parthian Tactics
41:43 Bracer
41:59 Leather Archer Armor
44:22 Siege Ram
47:28 Ring Archer Armor
Nidd
11:32 Feudal Age
15:17 Castle Age
16:17 Light Cavalry
16:57 Loom
24:08 Double-Bit Axe
24:59 Horse Collar
27:11 Stone Mining
30:03 Husbandry
31:43 Town Watch
36:02 Imperial Age
34:11 Forging
34:07 Scale Barding Armor
34:14 Bloodlines
34:49 Caravan
35:48 Town Patrol
35:46 Gold Mining
36:34 Wheelbarrow
37:07 Conscription
37:09 Double Crossbow
37:38 Elite Ballista Elephant
39:31 Hand Cart
39:28 Bow Saw
39:21 Heavy Plow
40:36 Chemistry
39:58 Ballistics
39:55 Hussar
43:14 Chain Barding Armor
43:29 Iron Casting
Connection lost

Rejoining the realm…

Still unreachable

The connection could not be restored.

Session expired

The server has moved on; the page needs a fresh start.